[Event "Titled Tuesday Blitz June 27 Early 2023"]
[White "Rios Escobar, Adan"]
[Black "Sariego Figueredo, Wilfredo"]
[WhiteFideId "3403645"]
[BlackFideId "3500080"]
[WhiteElo "2413"]
[BlackElo "2209"]
[Result "0-1"]
[Round "10"]
[TimeControl "180+2"]
[Date "2023.06.27"]
[WhiteClock "0:00:00"]
[BlackClock "0:00:54"]
[Board "118"]

1. d4 d5 2. g3 Nf6 3. Nf3 c6 4. c4 Bf5 5. Nc3 e6 6. Nh4 dxc4 7. Nxf5 exf5 8. e3 b5 9. Bg2 Nd5 10. O-O a6 11. Qf3 Nxc3 12. bxc3 Be7 13. Qxf5 O-O 14. Be4 g6 15. Qh3 Ra7 16. a4 Bf6 17. Qg2 Qd7 18. Ba3 Be7 19. Bxe7 Qxe7 20. Bxc6 b4 21. cxb4 Qxb4 22. Rfb1 Qd6 23. Bd5 c3 24. Bb3 Rc7 25. Rc1 a5 26. Rc2 Na6 27. Rac1 Rfc8 28. Qf3 Qa3 29. Rxc3 Qxc1+ 30. Rxc1 Rxc1+ 31. Kg2 R1c7 32. d5 Nc5 33. d6 Rd7 34. Qg4 Rcd8 35. Qc4 Nxb3 36. Qxb3 Rxd6 37. e4 Re6 38. Qb5 Rxe4 39. Qxa5 Ree8 40. Qc3 Ra8 41. a5 Re7 42. h4 Rea7 43. h5 gxh5 0-1


[Site "https://www.chess.com"]

[Event "Titled Tuesday Blitz June 27 Early 2023"]
[White "Fajdetic, Hrvoje"]
[Black "Nilssen, Ellen Fredericia"]
[WhiteFideId "14501945"]
[BlackFideId "1441230"]
[WhiteElo "2331"]
[BlackElo "2209"]
[Result "0-1"]
[Round "10"]
[TimeControl "180+2"]
[Date "2023.06.27"]
[WhiteClock "0:00:53"]
[BlackClock "0:01:27"]
[Board "119"]

1. b3 b6 2. Bb2 Bb7 3. f4 Nf6 4. e3 e6 5. Nf3 Be7 6. Be2 c5 7. O-O d6 8. d3 Nbd7 9. e4 Qc7 10. Nc3 a6 11. a4 d5 12. e5 Ng8 13. Qe1 O-O-O 14. Kh1 h5 15. d4 Nh6 16. dxc5 Nxc5 17. Ng5 d4 18. Nd1 Bxg5 19. fxg5 Nf5 20. Bf3 h4 21. b4 Nd7 22. Bxb7+ Kxb7 23. Qe4+ Ka7 24. a5 Qxe5 25. axb6+ Kxb6 26. Qe3 Nxe3 0-1


[Site "https://www.chess.com"]

[Event "Titled Tuesday Blitz June 27 Early 2023"]
[White "Ng, Clive"]
[Black "campochess"]
[WhiteFideId "3214869"]
[WhiteElo "2326"]
[BlackElo "2168"]
[Result "1-0"]
[Round "10"]
[TimeControl "180+2"]
[Date "2023.06.27"]
[WhiteClock "0:00:14"]
[BlackClock "0:00:00"]
[Board "120"]

1. e4 c5 2. Nf3 Nc6 3. d4 cxd4 4. Nxd4 e5 5. Nb5 a6 6. Nd6+ Bxd6 7. Qxd6 Qe7 8. Qxe7+ Ngxe7 9. c3 d5 10. Bd3 f5 11. exd5 Nxd5 12. O-O Nb6 13. Re1 O-O 14. Nd2 e4 15. Bc2 Be6 16. f3 Bd5 17. fxe4 fxe4 18. Nf1 Rae8 19. Ne3 Bf7 20. b3 Bg6 21. a4 Nd7 22. Ba3 Rf6 23. Rad1 Nde5 24. Rd2 Nd3 25. Red1 Nce5 26. h3 Bh5 27. Rf1 Rxf1+ 28. Nxf1 e3 29. Nxe3 Nf4 30. Kf2 Ne6 31. Rd5 Nf4 32. Rd2 Bg6 33. Bd1 Ned3+ 34. Kf3 Re4 35. Bc2 Ne5+ 36. Kf2 Rxe3 37. Kxe3 Ne6 38. Bxg6 hxg6 39. Ke2 Nf4+ 40. Kd1 g5 41. Bd6 Nf7 42. Bxf4 gxf4 43. Rd7 Ne5 44. Rxb7 f3 45. gxf3 Nxf3 46. Rb6 a5 47. Rb5 Ng1 48. h4 Nf3 49. h5 Kh7 50. Rxa5 Nh4 51. Rb5 Nf3 52. a5 1-0


[Site "https://www.chess.com"]

[Event "Titled Tuesday Blitz June 27 Early 2023"]
[White "Wang, Alexander J"]
[Black "Semenova, Alina"]
[WhiteFideId "30955270"]
[BlackFideId "24113875"]
[WhiteElo "2309"]
[BlackElo "2067"]
[Result "1-0"]
[Round "10"]
[TimeControl "180+2"]
[Date "2023.06.27"]
[WhiteClock "0:00:46"]
[BlackClock "0:01:43"]
[Board "121"]

1. e4 e6 2. d4 d5 3. e5 c5 4. c3 Nc6 5. Nf3 Qb6 6. Be2 Nh6 7. Bxh6 Qxb2 8. Be3 Qxa1 9. Qc2 cxd4 10. Nxd4 Nxd4 11. Bxd4 Ba3 12. Bb5+ Kf8 13. O-O Qb2 14. Qxb2 Bxb2 15. Bc5+ Kg8 16. f4 a6 17. Ba4 b5 18. Bb3 Bd7 19. Rf2 Bc1 20. g3 Rc8 21. Bd4 g5 22. Rc2 Bxf4 23. gxf4 gxf4 24. Rf2 Kf8 25. Rxf4 Rg8+ 26. Kf2 Ke7 27. Nd2 Rg7 28. Nf3 Rcg8 29. Bc5+ Kd8 30. a4 bxa4 31. Bxa4 Bxa4 32. Rxa4 Rg2+ 33. Ke3 R8g4 34. Rxa6 Re4+ 35. Kd3 Kd7 36. Nd4 Rxh2 37. Ra7+ Ke8 38. Re7+ Kd8 39. Nc6+ Kc8 40. Bd6 Rh3+ 41. Kc2 Rxc3+ 42. Kxc3 Rc4+ 43. Kd3 Rxc6 44. Rxf7 h5 45. Rh7 Rc4 46. Rxh5 Kd7 47. Rh7+ Kc6 48. Rc7+ Kb5 49. Rxc4 dxc4+ 50. Kc3 Kc6 51. Kxc4 Kd7 52. Kc5 Ke8 53. Kc6 Kf7 54. Bb4 Kg6 55. Kd6 Kf5 56. Ba5 Kg6 57. Kxe6 1-0


[Site "https://www.chess.com"]

[Event "Titled Tuesday Blitz June 27 Early 2023"]
[White "Floresvillar Gonzalez, Luis Migu"]
[Black "Pein, Jonathan"]
[WhiteFideId "5100542"]
[BlackFideId "417092"]
[WhiteElo "2117"]
[BlackElo "2402"]
[Result "0-1"]
[Round "10"]
[TimeControl "180+2"]
[Date "2023.06.27"]
[WhiteClock "0:00:00"]
[BlackClock "0:02:06"]
[Board "122"]

1. d4 d6 2. c3 Nf6 3. Nf3 g6 4. Bg5 Bg7 5. Nbd2 c5 6. e3 O-O 7. Bd3 Nc6 8. O-O b6 9. Rc1 Bb7 10. Qe2 a6 11. a4 Re8 12. Rfd1 Ra7 13. h3 Qa8 14. Bxf6 Bxf6 15. d5 Ne5 16. Nxe5 Bxe5 17. e4 e6 18. dxe6 Rxe6 19. Qf3 Bg7 20. Re1 d5 21. Rcd1 dxe4 22. Bxe4 Bxe4 23. Rxe4 Rxe4 24. Qxe4 Qxe4 25. Nxe4 Re7 26. f3 f5 27. Ng3 Be5 28. Kf2 Kf7 29. Ne2 h5 30. Rd2 h4 31. b3 Bf4 32. Rc2 Be3+ 33. Kf1 Rd7 34. Nc1 Rd1+ 35. Ke2 Rxc1 36. Rxc1 Bxc1 37. b4 cxb4 38. cxb4 b5 39. axb5 axb5 40. Kd3 Bb2 0-1


[Site "https://www.chess.com"]

[Event "Titled Tuesday Blitz June 27 Early 2023"]
[White "BenchGM"]
[Black "Tarnowska, Aleksandra"]
[BlackFideId "1180967"]
[WhiteElo "2368"]
[BlackElo "2155"]
[Result "1-0"]
[Round "10"]
[TimeControl "180+2"]
[Date "2023.06.27"]
[WhiteClock "0:00:24"]
[BlackClock "0:00:12"]
[Board "123"]

1. e4 c5 2. Nf3 e6 3. d4 cxd4 4. Nxd4 a6 5. c4 Nf6 6. Nc3 Bb4 7. Qd3 Qc7 8. f3 Nc6 9. Nxc6 dxc6 10. a3 Bxc3+ 11. Qxc3 e5 12. Bg5 Be6 13. O-O-O h6 14. Bxf6 gxf6 15. g4 Ke7 16. Be2 Rhd8 17. Qe3 Qa5 18. Qxh6 Qa4 19. g5 fxg5 20. Qxg5+ f6 21. Qg7+ Bf7 22. Rhg1 c5 23. Rxd8 Rxd8 24. Rg6 Qc6 25. Rh6 Qd6 26. Kb1 Qd2 27. Qxf6+ Kd7 28. Qxf7+ Kc8 29. Qe6+ Kb8 30. Qxe5+ Ka8 31. Rh8 Rxh8 32. Qxh8+ Ka7 33. Qe5 Qe1+ 34. Ka2 Qxe2 35. Qxc5+ Ka8 36. e5 Qxf3 37. e6 Qe4 38. e7 Kb8 39. Qd6+ Ka7 40. Qc5+ Kb8 41. Qb4 b5 42. cxb5 Qe6+ 43. Qb3 Qxe7 44. bxa6+ Ka7 45. Qb7+ Qxb7 46. axb7 Kxb7 47. Kb3 Kc6 48. Kb4 Kd5 49. a4 Kc6 50. a5 Kb7 51. h4 Kc6 52. h5 Kb7 53. h6 Kc6 54. h7 Kb7 55. h8=Q Ka6 56. Qh6+ Kb7 57. Qb6+ Ka8 58. Qc6+ Ka7 59. Qd7+ Ka6 60. Qc8+ Ka7 61. Qc5+ Ka6 62. Qb5+ Ka7 63. Kc5 Ka8 64. Kc6 Ka7 65. Qb7# 1-0


[Site "https://www.chess.com"]

[Event "Titled Tuesday Blitz June 27 Early 2023"]
[White "Petrova, Irina"]
[Black "deloewre"]
[WhiteFideId "14124122"]
[WhiteElo "2368"]
[BlackElo "2127"]
[Result "1-0"]
[Round "10"]
[TimeControl "180+2"]
[Date "2023.06.27"]
[WhiteClock "0:02:20"]
[BlackClock "0:01:13"]
[Board "124"]

1. e4 c5 2. Nf3 Nc6 3. Bb5 e6 4. Bxc6 bxc6 5. O-O Ne7 6. d4 cxd4 7. Qxd4 Ng6 8. a4 Qc7 9. c4 c5 10. Qc3 Bb7 11. Nbd2 f6 12. b3 Bd6 13. Bb2 O-O 14. Rad1 Ne5 15. Qc2 Nxf3+ 16. Nxf3 Rf7 17. Rfe1 Raf8 18. Qd3 h6 19. Qxd6 1-0


[Site "https://www.chess.com"]

[Event "Titled Tuesday Blitz June 27 Early 2023"]
[White "Tosic, Srecko"]
[Black "Winkels, Marcel"]
[WhiteFideId "924563"]
[BlackFideId "1003887"]
[WhiteElo "2315"]
[BlackElo "2109"]
[Result "1-0"]
[Round "10"]
[TimeControl "180+2"]
[Date "2023.06.27"]
[WhiteClock "0:01:19"]
[BlackClock "0:00:00"]
[Board "125"]

1. e4 c5 2. Nf3 d6 3. d4 cxd4 4. Nxd4 Nf6 5. Nc3 a6 6. g3 e5 7. Nde2 Be6 8. Bg2 Be7 9. O-O Nbd7 10. h3 b5 11. g4 b4 12. Nd5 Bxd5 13. exd5 O-O 14. Ng3 Re8 15. g5 Nb6 16. gxf6 Bxf6 17. a3 a5 18. axb4 axb4 19. Bd2 e4 20. Rxa8 Qxa8 21. Bxb4 Bxb2 22. Nxe4 Nc4 23. Nxd6 Nxd6 24. Bxd6 Bc3 25. Qd3 Qa5 26. Bg3 Qc5 27. d6 Bf6 28. c4 Rd8 29. Rd1 h5 30. Qd5 Qa7 31. c5 h4 32. Bf4 Qa4 33. Be3 Qa5 34. c6 1-0


[Site "https://www.chess.com"]

[Event "Titled Tuesday Blitz June 27 Early 2023"]
[White "Ajavon, Anthony Obieni"]
[Black "rikchessmx"]
[WhiteFideId "12600784"]
[WhiteElo "2010"]
[BlackElo "2301"]
[Result "0-1"]
[Round "10"]
[TimeControl "180+2"]
[Date "2023.06.27"]
[WhiteClock "0:00:04"]
[BlackClock "0:01:10"]
[Board "126"]

1. d4 Nf6 2. c4 e6 3. Nc3 d5 4. Bg5 c6 5. e3 Nbd7 6. cxd5 exd5 7. Nf3 Be7 8. Bd3 O-O 9. Qc2 Re8 10. O-O-O g6 11. h4 Nf8 12. Ne5 Ng4 13. Nxg4 Bxg4 14. f3 Bxg5 15. hxg5 Bc8 16. e4 Qxg5+ 17. Kb1 Be6 18. Rdf1 Rac8 19. f4 Qd8 20. e5 c5 21. dxc5 Rxc5 22. Qf2 Rxc3 23. bxc3 Qa5 24. Qb2 Rc8 25. Qb4 Qc7 26. Rc1 a5 27. Qb2 b5 28. Ka1 Rb8 29. Qe2 Qc5 30. g4 d4 31. f5 Bd5 32. f6 Bxh1 33. Qh2 Qxe5 34. Qxe5 dxc3 35. Qxb8 b4 36. Re1 h5 37. Re8 Kh7 38. Rxf8 Kh6 39. Rxf7 Kg5 40. Rh7 Be4 41. Rh6 Bxd3 42. Qf8 c2 43. f7 c1=Q# 0-1


[Site "https://www.chess.com"]

[Event "Titled Tuesday Blitz June 27 Early 2023"]
[White "Skiadopoulos, Nikolaos"]
[Black "Mishra, Manoj"]
[WhiteFideId "4200772"]
[BlackFideId "5006007"]
[WhiteElo "1927"]
[BlackElo "2209"]
[Result "0-1"]
[Round "10"]
[TimeControl "180+2"]
[Date "2023.06.27"]
[WhiteClock "0:00:22"]
[BlackClock "0:01:17"]
[Board "127"]

1. e4 c5 2. b4 cxb4 3. a3 e5 4. axb4 Bxb4 5. c3 Ba5 6. Nf3 Nc6 7. Bb5 Bc7 8. O-O Nf6 9. d4 O-O 10. dxe5 Nxe5 11. Nxe5 Bxe5 12. Be3 Nxe4 13. f4 Bxc3 14. Qd3 Bxa1 15. Qxe4 d5 16. Qd3 a6 17. Ba4 d4 18. Bc2 g6 19. Bf2 Bf5 20. Qd1 Bxc2 21. Qxc2 d3 22. Qa2 Bg7 23. Nd2 Re8 24. f5 Re2 25. fxg6 hxg6 26. Bc5 Qg5 27. Qxf7+ Kh8 28. Bf2 Rf8 29. Nf3 Rxf7 30. Nxg5 Rfxf2 31. Rxf2 Re1+ 32. Rf1 Bd4+ 33. Kh1 Rxf1# 0-1


[Site "https://www.chess.com"]

[Event "Titled Tuesday Blitz June 27 Early 2023"]
[White "Flis, Pawel"]
[Black "GAO"]
[WhiteFideId "1112864"]
[WhiteElo "2111"]
[BlackElo "2368"]
[Result "1-0"]
[Round "10"]
[TimeControl "180+2"]
[Date "2023.06.27"]
[WhiteClock "0:00:28"]
[BlackClock "0:00:00"]
[Board "129"]

1. e4 e6 2. d4 d5 3. Nd2 c5 4. exd5 Qxd5 5. Ngf3 Nf6 6. Bc4 Qd6 7. O-O cxd4 8. Nb3 Nc6 9. Nfxd4 Nxd4 10. Nxd4 a6 11. a4 Be7 12. Be3 O-O 13. Qf3 Bd7 14. Rad1 Qc7 15. Bb3 Rfd8 16. Rfe1 Rac8 17. Bf4 Qa5 18. h3 Bxa4 19. Bxa4 Rxd4 20. Rxd4 Qxe1+ 21. Kh2 e5 22. Qxb7 Rd8 23. Rxd8+ Bxd8 24. Bg3 h5 25. Bb3 Qe4 26. Qxe4 Nxe4 27. Bxe5 Bf6 28. Bxf6 Nxf6 29. Bc4 a5 30. c3 Ne4 31. Kg1 Nd6 32. Bd3 Kf8 33. b4 axb4 34. cxb4 Ke7 35. f4 Kd8 36. Kf2 Kc7 37. Ke3 Kb6 38. Kd4 Kc6 39. Be2 Kd7 40. Kc5 Kc7 41. Bxh5 Ne4+ 42. Kd5 Nc3+ 43. Kc4 Ne4 44. b5 Kb6 45. Be2 Nd6+ 46. Kb4 1-0


[Site "https://www.chess.com"]

[Event "Titled Tuesday Blitz June 27 Early 2023"]
[White "Dahlgren, James Allen"]
[Black "Guevara Sanchez, Erick Marvin"]
[WhiteFideId "22256873"]
[BlackFideId "6700136"]
[WhiteElo "2129"]
[BlackElo "1989"]
[Result "0-1"]
[Round "10"]
[TimeControl "180+2"]
[Date "2023.06.27"]
[WhiteClock "0:00:49"]
[BlackClock "0:01:08"]
[Board "130"]

1. d3 e5 2. f4 Bd6 3. f5 e4 4. g3 Nf6 5. Nc3 exd3 6. cxd3 O-O 7. Nf3 Re8 8. Bg2 Nc6 9. O-O Bc5+ 10. d4 Bb6 11. Qd3 Ne7 12. e4 d5 13. Ne5 dxe4 14. Bxe4 Qxd4+ 15. Kg2 Qxe5 16. Bf4 Qd4 17. Rae1 Qxd3 18. Bxd3 Bd7 19. Bg5 Bc6+ 20. Kh3 Ned5 21. g4 Nxc3 22. bxc3 Rxe1 23. Rxe1 Re8 24. Rxe8+ Nxe8 25. Be7 Nd6 26. Kg3 Ba5 27. c4 Bc3 28. Kf4 b5 29. Bxd6 bxc4 30. Bxc4 cxd6 31. g5 d5 32. Bb3 d4 33. g6 hxg6 34. fxg6 Be8 35. Ke4 Kf8 36. gxf7 Bxf7 0-1


[Site "https://www.chess.com"]

[Event "Titled Tuesday Blitz June 27 Early 2023"]
[White "Mangialardo, Tiago Carvalho"]
[Black "Latreche, Khadidja"]
[WhiteFideId "2130718"]
[BlackFideId "7901780"]
[WhiteElo "2132"]
[BlackElo "2103"]
[Result "0-1"]
[Round "10"]
[TimeControl "180+2"]
[Date "2023.06.27"]
[WhiteClock "0:00:00"]
[BlackClock "0:00:20"]
[Board "131"]

1. e4 c5 2. Nf3 e6 3. c3 Nf6 4. e5 Nd5 5. d4 cxd4 6. cxd4 Nc6 7. Bc4 d6 8. O-O Be7 9. Qe2 O-O 10. a3 a6 11. Rd1 b5 12. Bd3 Bb7 13. Qe4 g6 14. Bh6 Re8 15. Nbd2 Na5 16. Qg4 Rc8 17. h4 Bf8 18. Bg5 Qd7 19. h5 Nc4 20. Ne4 Nxb2 21. Nf6+ Nxf6 22. Bxf6 Nxd3 23. hxg6 fxg6 24. Rxd3 Bxf3 25. Rxf3 dxe5 26. Bxe5 Re7 27. Re1 Rf7 28. Rfe3 Re8 29. Bg3 Rf5 30. Qe4 Bg7 0-1


[Site "https://www.chess.com"]

[Event "Titled Tuesday Blitz June 27 Early 2023"]
[White "Kopacz, Grzegorz"]
[Black "Politov, Pavel Y."]
[WhiteFideId "1109880"]
[BlackFideId "24110515"]
[WhiteElo "2188"]
[BlackElo "2065"]
[Result "1-0"]
[Round "10"]
[TimeControl "180+2"]
[Date "2023.06.27"]
[WhiteClock "0:00:43"]
[BlackClock "0:00:08"]
[Board "132"]

1. d4 d5 2. c4 dxc4 3. e3 Nf6 4. Bxc4 e6 5. Nc3 c5 6. Nf3 a6 7. O-O b5 8. Be2 Nbd7 9. a4 b4 10. Nb1 Bb7 11. Nbd2 Be7 12. a5 O-O 13. Nc4 cxd4 14. Nxd4 Rc8 15. b3 Bc5 16. Bb2 Qe7 17. Bf3 Bxf3 18. Nxf3 Rfd8 19. Qe2 Nd5 20. Rfd1 N7f6 21. Rac1 Ba7 22. h3 Nc7 23. Nce5 Rxd1+ 24. Rxd1 Ncd5 25. Qxa6 Rc7 26. Nd4 Bxd4 27. Bxd4 h6 28. Nd3 Nc3 29. Re1 Nfe4 30. Bb6 Rb7 31. Nxb4 Qxb4 32. Qxb7 Nd5 33. Rf1 Nd6 34. Qb8+ Kh7 35. Bc7 Qxb8 36. Bxb8 Nb5 37. a6 Nb6 38. a7 Nd7 39. a8=Q Nxb8 40. Qxb8 Nd6 41. Qxd6 1-0


[Site "https://www.chess.com"]

[Event "Titled Tuesday Blitz June 27 Early 2023"]
[White "Hakobyan, Aram"]
[Black "Galchenko, Matvey"]
[WhiteFideId "13306677"]
[BlackFideId "24175480"]
[WhiteElo "3016"]
[BlackElo "2893"]
[Result "1-0"]
[Round "11"]
[TimeControl "180+2"]
[Date "2023.06.27"]
[WhiteClock "0:01:31"]
[BlackClock "0:00:49"]
[Board "2"]

1. d4 Nf6 2. c4 c5 3. d5 e6 4. Nc3 exd5 5. cxd5 d6 6. e4 g6 7. f4 Bg7 8. Bb5+ Nfd7 9. Bd3 Qh4+ 10. g3 Qe7 11. Nf3 Nb6 12. h3 O-O 13. Kf2 Na6 14. Kg2 c4 15. Bc2 Nc5 16. Re1 Nbd7 17. Be3 a6 18. Bd4 f6 19. b4 cxb3 20. axb3 b5 21. b4 Na4 22. Nxa4 bxa4 23. Bxa4 Bb7 24. Bc6 Rab8 25. Qd2 Rfc8 26. Ba7 Bxc6 27. dxc6 Nb6 28. Bxb8 Rxb8 29. Rxa6 Qc7 30. b5 f5 31. exf5 gxf5 32. Qd3 Qf7 33. Ng5 Qd5+ 34. Qxd5+ Nxd5 35. b6 Rxb6 36. Rxb6 Nxb6 37. c7 Kf8 38. Ne6+ Kf7 39. Nxg7 Kxg7 40. Rb1 Nc8 41. Rb8 Ne7 42. Re8 Kf7 43. Rxe7+ 1-0


[Site "https://www.chess.com"]

[Event "Titled Tuesday Blitz June 27 Early 2023"]
[White "Sarana, Alexey"]
[Black "Sanal, Vahap"]
[WhiteFideId "24133795"]
[BlackFideId "6300545"]
[WhiteElo "3039"]
[BlackElo "2977"]
[Result "1-0"]
[Round "11"]
[TimeControl "180+2"]
[Date "2023.06.27"]
[WhiteClock "0:00:09"]
[BlackClock "0:00:07"]
[Board "3"]

1. d4 d5 2. c4 e6 3. Nc3 Nf6 4. cxd5 exd5 5. Bg5 Bb4 6. Qc2 h6 7. Bh4 g5 8. Bg3 Ne4 9. e3 h5 10. Ne2 Nc6 11. a3 Bxc3+ 12. Nxc3 Nxg3 13. hxg3 Be6 14. Bb5 Qd6 15. Na4 Ke7 16. Nc5 Nd8 17. e4 dxe4 18. Nxe4 Qxd4 19. O-O c6 20. Rad1 Qe5 21. Bc4 h4 22. Rfe1 Kf8 23. Qb3 b5 24. Qb4+ Kg7 25. Nc5 a5 26. Nxe6+ Nxe6 27. Qd2 Qd4 28. Bxe6 Qxd2 29. Rxd2 fxe6 30. Rxe6 Rad8 31. Rxd8 Rxd8 32. gxh4 gxh4 33. Re2 Rd3 34. Kh2 Rb3 35. f3 c5 36. Kh3 c4 37. Kxh4 c3 38. bxc3 Rxa3 39. Rb2 Rxc3 40. Rxb5 a4 41. Ra5 a3 42. f4 Kf6 43. g4 Rf3 44. Ra6+ Ke7 45. f5 Kd7 46. Kg5 Kc7 47. Kf6 Kb7 48. Ra4 Kb6 49. g5 Kb5 50. Ra8 Kb4 51. g6 Kb3 52. g7 Rg3 53. g8=Q+ Rxg8 54. Rxg8 a2 55. Ra8 a1=Q+ 56. Rxa1 1-0


[Site "https://www.chess.com"]

[Event "Titled Tuesday Blitz June 27 Early 2023"]
[White "Nogerbek, Kazybek"]
[Black "Tari, Aryan"]
[WhiteFideId "13710427"]
[BlackFideId "1510045"]
[WhiteElo "2915"]
[BlackElo "2941"]
[Result "1-0"]
[Round "11"]
[TimeControl "180+2"]
[Date "2023.06.27"]
[WhiteClock "0:00:34"]
[BlackClock "0:00:00"]
[Board "4"]

1. d4 d5 2. c4 e6 3. Nf3 Nf6 4. cxd5 exd5 5. Nc3 c6 6. Qc2 g6 7. Bg5 Be7 8. e3 Bf5 9. Bd3 Bxd3 10. Qxd3 Nbd7 11. Bh6 Ng4 12. Bf4 O-O 13. h3 Ngf6 14. O-O Re8 15. Rab1 a5 16. Qc2 Bf8 17. a3 Nb6 18. Ne5 Nfd7 19. Nd3 Nc4 20. Rfe1 b5 21. a4 b4 22. Ne2 Qb6 23. Rbc1 b3 24. Qb1 Bb4 25. Red1 Bd2 26. Rxc4 dxc4 27. Rxd2 cxd3 28. Rxd3 Qb4 29. Nc3 Nb6 30. Be5 Nc4 31. f4 f6 32. Bxf6 Nxe3 33. Be5 Nd5 34. Nxd5 cxd5 35. f5 Qc4 36. Rc3 Qe2 37. fxg6 Qe4 38. gxh7+ Kxh7 39. Qd1 Qf5 40. Rf3 Qg6 41. Rf6 Qg5 42. Qd3+ 1-0


[Site "https://www.chess.com"]

[Event "Titled Tuesday Blitz June 27 Early 2023"]
[White "Makhnev, Denis"]
[Black "Demchenko, Anton"]
[WhiteFideId "13707647"]
[BlackFideId "4160258"]
[WhiteElo "2925"]
[BlackElo "2940"]
[Result "1-0"]
[Round "11"]
[TimeControl "180+2"]
[Date "2023.06.27"]
[WhiteClock "0:00:11"]
[BlackClock "0:00:09"]
[Board "5"]

1. d4 Nf6 2. c4 d6 3. Nf3 Nc6 4. d5 Ne5 5. Nxe5 dxe5 6. Nc3 e6 7. e4 Bc5 8. Be2 O-O 9. O-O c6 10. dxc6 bxc6 11. Qc2 Rb8 12. Bf3 Qc7 13. Rd1 a5 14. Bd2 Bd4 15. Rab1 Rd8 16. Be1 Bb7 17. Ne2 c5 18. Nc3 Bc6 19. a4 Qb7 20. Nb5 Ra8 21. Nc3 Ne8 22. Bd2 f5 23. Re1 Nf6 24. b3 Rf8 25. Re2 Rf7 26. g3 Raf8 27. Rf1 Bxc3 28. Bxc3 Bxe4 29. Bxe4 Nxe4 30. f3 Ng5 31. Re3 e4 32. f4 Nf3+ 33. Kf2 Ra8 34. Rd1 Rd7 35. Kg2 Rd3 36. Kf2 Nxh2 37. Rexd3 Ng4+ 38. Kg1 exd3 39. Qxd3 Qxb3 40. Re1 Rb8 41. Qd7 Qb7 42. Qxe6+ Qf7 43. Qd5 h5 44. Re7 Rb1+ 45. Kg2 Qxd5+ 46. cxd5 Rc1 47. Bxa5 Rc2+ 48. Kf1 Kf8 49. Rd7 Ne3+ 50. Ke1 Ra2 51. Rd8+ Kf7 52. d6 Ke6 53. Re8+ Kxd6 54. Rxe3 Rxa4 55. Bc3 Ra3 56. Be5+ Kd5 57. Rxa3 Ke4 58. Bxg7 Kd5 59. Bf6 Ke4 60. Bh4 Kd4 61. Kd2 Kc4 62. Rc3+ Kd5 63. Kd3 c4+ 64. Rxc4 Kd6 65. Rd4+ Ke6 66. Kc4 Kf7 67. Rd5 Ke6 68. Re5+ Kf7 69. Rxf5+ Kg7 70. Rxh5 1-0


[Site "https://www.chess.com"]

[Event "Titled Tuesday Blitz June 27 Early 2023"]
[White "So, Wesley"]
[Black "Ibarra Jerez, Jose Carlos"]
[WhiteFideId "5202213"]
[BlackFideId "2226332"]
[WhiteElo "3098"]
[BlackElo "2891"]
[Result "1-0"]
[Round "11"]
[TimeControl "180+2"]
[Date "2023.06.27"]
[WhiteClock "0:00:25"]
[BlackClock "0:00:00"]
[Board "6"]

1. d4 Nf6 2. Nf3 g6 3. c4 d6 4. Nc3 Bf5 5. e3 Bg7 6. Bd3 Bxd3 7. Qxd3 O-O 8. O-O Nbd7 9. e4 e5 10. d5 Nc5 11. Qc2 a5 12. Be3 Nfd7 13. b3 f5 14. a3 f4 15. Bxc5 Nxc5 16. b4 Nd7 17. h3 h5 18. Qe2 g5 19. h4 g4 20. Ng5 Bh6 21. Nb5 Bxg5 22. hxg5 f3 23. Qd2 fxg2 24. Kxg2 Rf4 25. Rae1 axb4 26. axb4 Nf8 27. Rh1 Ng6 28. Rxh5 Rf3 29. Kg1 Nf4 30. Rh2 Qxg5 31. Kh1 Kg7 32. Nxc7 Rh8 33. Qxf4 exf4 34. Ne6+ Kf6 35. Nxg5 Rxh2+ 36. Kxh2 Kxg5 37. Kg2 Rc3 38. e5 dxe5 39. Rxe5+ Kf6 40. Re4 Kf5 41. Rd4 f3+ 42. Kg3 Rc1 43. Rf4+ Ke5 44. Kxg4 b5 45. cxb5 Kxd5 46. Rxf3 Kc4 47. Rf5 Kxb4 48. f4 Rc8 49. Re5 Rg8+ 50. Kf3 Rf8 51. Ke4 1-0


[Site "https://www.chess.com"]

[Event "Titled Tuesday Blitz June 27 Early 2023"]
[White "Terry, Renato"]
[Black "Chigaev, Maksim"]
[WhiteFideId "3803457"]
[BlackFideId "4108116"]
[WhiteElo "2997"]
[BlackElo "2901"]
[Result "1-0"]
[Round "11"]
[TimeControl "180+2"]
[Date "2023.06.27"]
[WhiteClock "0:00:04"]
[BlackClock "0:00:04"]
[Board "7"]

1. d4 Nf6 2. Nf3 g6 3. Bg5 Bg7 4. c3 O-O 5. Nbd2 d6 6. e4 Nc6 7. Be2 Qe8 8. d5 Nb8 9. O-O e5 10. dxe6 Bxe6 11. Re1 Nc6 12. Bb5 Nd7 13. Nb3 a6 14. Bf1 h6 15. Bh4 Kh7 16. Nfd4 Nc5 17. Nxc5 dxc5 18. Nxe6 Qxe6 19. Qd5 b6 20. Qxe6 fxe6 21. Rad1 g5 22. Bg3 Ne5 23. a4 Rf7 24. Rd2 h5 25. h3 h4 26. Bh2 g4 27. Bxe5 Bxe5 28. hxg4 c6 29. Red1 b5 30. Rd7 Rf8 31. Be2 Kg6 32. Rxf7 Rxf7 33. a5 c4 34. Rd8 Kf6 35. Kf1 Ke7 36. Ra8 Kd6 37. Rxa6 Kc5 38. Ra8 Rd7 39. a6 Bf4 40. e5 Bc1 41. Bf3 Bxb2 42. Rc8 Bxc3 43. Rxc6+ Kb4 44. Rd6 Ra7 45. Rxe6 Bd4 46. g5 c3 47. Be4 Kb3 48. Rc6 b4 49. f4 Kb2 50. Rc4 b3 51. Rxd4 c2 52. Rc4 c1=Q+ 53. Rxc1 Kxc1 54. g6 Rxa6 55. g7 Ra4 56. g8=Q Rxe4 57. Qxb3 Rxf4+ 58. Kg1 1-0


[Site "https://www.chess.com"]

[Event "Titled Tuesday Blitz June 27 Early 2023"]
[White "Paravyan, David"]
[Black "Kantor, Gergely"]
[WhiteFideId "4194985"]
[BlackFideId "751499"]
[WhiteElo "2990"]
[BlackElo "2890"]
[Result "1-0"]
[Round "11"]
[TimeControl "180+2"]
[Date "2023.06.27"]
[WhiteClock "0:01:37"]
[BlackClock "0:00:00"]
[Board "8"]

1. e4 e5 2. Nf3 Nc6 3. Bb5 a6 4. Ba4 Nf6 5. O-O Be7 6. d3 b5 7. Bb3 d6 8. a3 O-O 9. Nc3 Rb8 10. Be3 Na5 11. Ba2 c5 12. Nd5 Nxd5 13. Bxd5 Bb7 14. b4 Bxd5 15. exd5 Nb7 16. bxc5 Nxc5 17. Bxc5 dxc5 18. c4 bxc4 19. dxc4 Bd6 20. Rb1 e4 21. Rxb8 Qxb8 22. Ng5 Bxh2+ 23. Kh1 Bf4 24. Nxe4 Qe5 25. Re1 Kh8 26. g3 Bh6 27. Kg2 Re8 28. d6 Rd8 29. Qd5 Qxd5 30. cxd5 g6 31. Nxc5 Rxd6 32. Rd1 Bf8 33. Ne4 Rd7 34. a4 Kg7 35. f4 Bb4 36. g4 f5 37. gxf5 gxf5 38. Ng3 Kf6 39. Kf3 Rc7 40. Rh1 Rc3+ 41. Kg2 Rc2+ 42. Kf3 Rc3+ 43. Kg2 Rc2+ 44. Kh3 Rd2 45. Rc1 Rxd5 46. Rc6+ Rd6 47. Rc8 Rd3 48. Kg2 Bd6 49. Rc6 a5 50. Ra6 Rd5 51. Nf1 Ke6 52. Ne3 Rd4 53. Rxa5 Rxf4 54. Ra6 Re4 55. Kf3 Rb4 56. a5 Rb3 57. Ke2 Rb2+ 58. Kd3 Rb3+ 59. Kd4 Rb5 60. Nc4 Rd5+ 61. Ke3 f4+ 62. Ke4 h5 63. Rb6 Rd1 64. a6 Re1+ 65. Kf3 Rf1+ 66. Ke2 Ra1 67. Rxd6+ Kf5 68. Rd5+ Kg4 69. Ra5 f3+ 70. Kf2 Rc1 71. Ne5+ Kf4 72. Nd3+ 1-0


[Site "https://www.chess.com"]

[Event "Titled Tuesday Blitz June 27 Early 2023"]
[White "Zhigalko, Sergei"]
[Black "Narayanan.S.L"]
[WhiteFideId "13502956"]
[BlackFideId "5058422"]
[WhiteElo "2890"]
[BlackElo "2989"]
[Result "1-0"]
[Round "11"]
[TimeControl "180+2"]
[Date "2023.06.27"]
[WhiteClock "0:00:04"]
[BlackClock "0:00:20"]
[Board "9"]

1. e4 e5 2. Nf3 Nf6 3. d4 exd4 4. e5 Ne4 5. Qxd4 d5 6. exd6 Nxd6 7. Nc3 Nc6 8. Qf4 Be7 9. Bd3 O-O 10. O-O Be6 11. Re1 Bf6 12. a3 Re8 13. Bd2 Qd7 14. Rad1 Bxc3 15. Bxc3 Bf5 16. Qg3 Rxe1+ 17. Rxe1 Bg6 18. h4 f6 19. Bxg6 hxg6 20. Qxg6 Qf5 21. Qxf5 Nxf5 22. g4 Nfe7 23. Nd4 Kf7 24. Nxc6 Nxc6 25. Rd1 Ke6 26. f4 g6 27. Kf2 Ne7 28. Re1+ Kf7 29. Rd1 Ke6 30. Kf3 c6 31. Bd4 b6 32. c4 c5 33. Bc3 a6 34. g5 fxg5 35. fxg5 b5 36. Re1+ Kf7 37. Re5 b4 38. axb4 cxb4 39. Bd4 a5 40. Bc5 Nc6 41. Rd5 a4 42. Rd6 Ne5+ 43. Ke4 Nxc4 44. Rf6+ Kg7 45. Bxb4 Re8+ 46. Kd5 Ne3+ 47. Kc6 Nd1 48. Ba3 Re2 49. Bf8+ Kh7 50. h5 gxh5 51. g6+ Kg8 52. Bh6 Re8 53. g7 Kh7 54. Rf8 Kxh6 55. g8=Q 1-0


[Site "https://www.chess.com"]